 Dungeon Crawl Stone Soup version 0.21.1-1-g345015f (webtiles) character file.

105618 sking99 the Bludgeoner (level 15, -34/211 HPs)
             Began as a Minotaur Berserker on June 21, 2018.
             Was the Champion of Trog.
             Killed from afar by a thorn hunter (45 damage)
             ... with a volley of thorns
             ... on level 3 of the Swamp.
             The game lasted 02:32:37 (26591 turns).

sking99 the Bludgeoner (Minotaur Berserker)        Turns: 26591, Time: 02:32:37

Health: -34/211    AC: 44    Str: 26    XL:     15   Next: 95%
Magic:  14/14      EV: 17    Int:  4    God:    Trog [******]
Gold:   2503       SH:  3    Dex: 17    Spells: 14/14 levels left

rFire    + . .     SeeInvis .   G - +2 great mace of the Stoat {crush, +Blink rElec rF+}
rCold    . . .     Gourm    .   (shield currently unavailable)
rNeg     . . .     Faith    .   D - +27 Lear's hauberk
rPois    +         Spirit   .   (helmet currently unavailable)
rElec    +         Reflect  +   (no cloak)
rCorr    .         Harm     .   (gloves currently unavailable)
MR       +....                  (boots currently unavailable)
Stlth    ..........             H - +3 amulet of reflection
HPRegen  0.45/turn              V - ring of poison resistance
MPRegen  0.14/turn              F - +5 ring of protection

@: berserking, heavily drained, very quick
A: retaliatory headbutt, horns 2
a: Berserk, Trog's Hand, Brothers in Arms, Burn Spellbooks, Renounce Religion,
Evoke Blink


You were on level 3 of the Swamp.
You worshipped Trog.
Trog was exalted by your worship.
You were hungry.

You visited 4 branches of the dungeon, and saw 26 of its levels.
You also visited: Ossuary.

You collected 3108 gold pieces.
You spent 605 gold pieces at shops.

Inventory:

Hand Weapons
 f - a +1 great mace of protection
 G - the +2 great mace of the Stoat (weapon) {crush, +Blink rElec rF+}
   (Trog gifted it to you on level 11 of the Dungeon)

   It inflicts extra damage upon your enemies.
   It protects you from fire.
   It insulates you from electricity.
   It lets you blink.
Armour
 D - the +27 Lear's hauberk (worn)
   (You took it off an orc warlord on level 1 of the Orcish Mines)
 I - +0 swamp dragon scales
Jewellery
 A - an uncursed amulet of rage
 F - a +5 ring of protection (right hand)
 H - a +3 amulet of reflection (around neck)
 M - a +6 ring of dexterity
 N - an uncursed ring of see invisible
 V - a ring of poison resistance (left hand)
Wands
 r - a wand of paralysis (19)
 t - a wand of iceblast (19)
 C - a wand of clouds (12)
 E - a wand of disintegration (49)
 J - a wand of random effects (58)
 K - a wand of flame (55)
 R - a wand of scattershot (15)
Scrolls
 b - a scroll of torment
 e - 3 scrolls of blinking
 h - a scroll of holy word {unknown}
 i - 13 scrolls of teleportation
 l - 4 scrolls of amnesia
 o - 3 scrolls of fog
 q - 4 scrolls of enchant weapon
 s - a scroll of brand weapon {unknown}
 v - 12 scrolls of remove curse
 w - 11 scrolls of enchant armour
 y - a scroll of silence
 L - 3 scrolls of magic mapping
 O - 3 scrolls of random uselessness
 P - a scroll of summoning
 S - a scroll of fear
 T - a scroll of vulnerability
 W - 2 scrolls of identify
Potions
 a - 2 potions of berserk rage {unknown}
 c - 3 potions of might
 d - 3 potions of cancellation
 j - 4 potions of flight
 k - 3 potions of degeneration
 m - 6 potions of curing
 n - 5 potions of heal wounds
 u - a potion of mutation
 x - a potion of magic
 z - 5 potions of brilliance
 B - 7 potions of agility
 Q - 4 potions of haste
 U - 3 potions of resistance
 X - a potion of ambrosia
 Y - a potion of invisibility
 Z - a potion of lignification
Comestibles
 g - 44 rations
 p - 2 chunks of flesh


   Skills:
 + Level 15.4(13.8) Fighting
   Level 7.8(13.2) Axes
 * Level 19.2(17.9) Maces & Flails
 + Level 15.1(13.5) Armour
 + Level 14.1(12.5) Dodging


You had 14 spell levels left.
You didn't know any spells.

Dungeon Overview and Level Annotations

Branches:
Dungeon (15/15)            Temple (0/1) D:5            Lair (6/6) D:11
  Swamp (3/4) Lair:2       Spider (0/4) Lair:3        Slime (0/5) Lair:5
    Orc (2/2) D:11            Elf (0/3) Orc:2        Vaults (0/5) D:14
 Depths (0/5) D:15

Altars:
Dithmenos
Elyvilon
Fedhas
Kikubaaqudgha
Nemelex Xobeh
Okawaru
Ru
Trog
Vehumet
Yredelemnul
The Shining One
Beogh
Jiyva

Shops:
D:11 =   D:15 !   Orc:2 ([}[

Annotations:
D:15 exclusion: Roxanne, Roxanne
Lair:5 2 transporters


Innate Abilities, Weirdness & Mutations

You reflexively headbutt those who attack you in melee.
You have a pair of horns on your head.


Message History

The thorn hunter closely misses you.
You hit the thorn hunter. You headbutt the thorn hunter.
The thorn hunter is severely damaged.
The thorn hunter hits you.
* * * LOW HITPOINT WARNING * * *
The thorn hunter closely misses you.
You sock the thorn hunter! Your headbutt misses the thorn hunter.
The thorn hunter is severely damaged.
You closely miss the thorn hunter.
The thorn hunter is severely damaged.
The briar patch crumbles away. x2
The thorn hunter gestures.
You closely miss the thorn hunter.
The thorn hunter is severely damaged.
You hit the thorn hunter. You headbutt the thorn hunter.
The thorn hunter is severely damaged.
The briar patch crumbles away. x3
The thorn hunter fires a volley of thorns at you.
The volley of thorns hits you!
You die... .♣.≈.....♣♣♣♣♣♣≈.≈♣♣ ♣.♣≈≈≈§≈..♣♣♣♣.≈..♣ ≈♣.. .≈.≈≈......♣♣P..≈♣♣ ♣..(♣ ≈≈.§≈≈...≈.P≈..♣♣♣ PPP.♣

≈≈≈≈.≈≈.♣≈≈P.≈.♣♣ PP≈.♣
≈≈≈.♣≈≈.≈≈≈≈P≈≈.♣♣♣ ♣≈≈..♣
≈≈♣.......≈PP≈...≈♣♣§≈≈.♣♣
≈≈≈≈♣.≈≈≈..♣P§≈≈≈f≈♣≈≈≈≈≈♣♣
≈...≈≈≈≈≈≈.≈≈≈..@♣...≈≈≈.≈♣
≈.≈.≈≈≈≈≈≈PP≈♣♣.≈♣♣f≈≈≈≈.≈♣
..≈ ≈≈≈≈≈≈.≈≈♣♣♣≈.♣≈♣♣≈≈≈.%
.≈≈ ≈≈.≈≈≈≈♣♣ ♣♣≈.≈. .≈≈.
≈(≈ ♣≈≈. ♣..♣. ..≈ ≈≈≈
♣♣.≈.≈ ≈≈ ♣. ♣.≈≈≈≈ ≈
♣.♣.♣≈. ♣.. ≈.♣


You could see a thorn hunter.

Vanquished Creatures
  A thorn hunter (Swamp:2)
  Kirke (D:15)
  Donald (Swamp:3)
  An orc warlord (Orc:1)
  A very ugly thing (Swamp:1)
  The ghost of teukkam the Grappler, a journeyman TrMo of Jiyva (Orc:1)
  A rakshasa (D:15)
  5 hydras
  A death knight (D:14)
  3 centaur warriors
  A catoblepas (Lair:4)
  Erica (D:11)
  3 alligators (Swamp:1)
  3 ogre magi
  8 two-headed ogres
  Urug (D:15)
  A tengu warrior (D:12)
  An orc high priest (Orc:1)
  3 unseen horrors
  A spriggan druid (Swamp:2)
  3 swamp dragons
  A deep troll (Orc:2)
  2 deep elf archers
  2 orc knights
  A shambling mangrove (Swamp:3)
  2 phantasmal warriors (D:14)
  3 deep elf magi
  Pikel (D:5)
  3 cyclopes
  13 slime creatures
  A manticore (D:12)
  6 ugly things
  3 orc sorcerers
  Joseph (D:9)
  2 black mambas
  10 spiny frogs
  3 rime drakes (Lair:6)
  A gargoyle (D:10)
  A yaktaur (D:14)
  A kobold demonologist (D:10)
  2 centaur skeletons
  A komodo dragon (Lair:1)
  A freezing wraith (D:14)
  An efreet (D:14)
  12 trolls
  3 tengu conjurers
  9 tyrant leeches
  6 polar bears
  3 meliai (D:15)
  The ghost of nicolaieve the Cleaver, an amateur MiBe of Trog (D:5)
  12 hornets
  Grinder (D:5)
  4 bog bodies
  A blink frog (shapeshifter) (D:14)
  2 meliai zombies
  A dream sheep (shapeshifter) (D:15)
  10 blink frogs
  A dream sheep (Lair:6)
  11 hippogriffs
  16 spriggans
  Sigmund (D:3)
  A tarantella (Lair:3)
  The ghost of sking99 the Skirmisher, an amateur OgTm (D:4)
  4 shadows
  A wraith (D:12)
  46 yaks
  4 wyverns
  A human (D:10)
  5 basilisks
  A tarantella (shapeshifter) (D:15)
  A golden eye (shapeshifter) (D:15)
  5 hogs
  14 vampire mosquitoes
  A steam dragon (D:8)
  3 hungry ghosts
  Menkaure (D:5)
  12 swamp worms
  4 wargs
  A soldier ant (D:13)
  Duvessa (D:5)
  2 hell hounds (Orc:2)
  16 water moccasins
  5 porcupines
  8 swamp drakes
  2 hornet zombies
  23 orc warriors
  5 ice beasts
  4 sky beasts
  A slave (D:5)
  3 black bears
  20 ogres
  2 phantoms (D:4)
  9 boggarts
  23 wolves
  A necrophage (D:9)
  10 centaurs
  6 crocodiles
  Blork the orc (D:6)
  3 big kobolds
  16 bullfrogs
  A wyvern zombie (D:10)
  Dowan (D:5)
  7 jellies
  5 killer bees (D:7)
  12 scorpions
  12 wights
  5 howler monkeys
  5 electric eels
  4 crimson imps
  5 centaur zombies
  A quasit (D:7)
  3 bullfrog skeletons
  8 human zombies
  6 hounds
  14 orc priests
  Jessica (D:2)
  Ijyb (D:3)
  An iguana (D:9)
  28 orc wizards
  9 worker ants
  6 mummies
  2 worker ant zombies
  A howler monkey zombie (D:7)
  Robin (D:2)
  9 gnolls
  7 scorpion zombies (Ossuary)
  11 adders
  3 shadow imps
  2 oozes
  2 adder skeletons
  2 adder zombies
  3 worms
  2 dart slugs
  10 leopard geckos
  66 orcs
  8 bats
  A bat zombie (D:1)
  7 giant cockroaches
  22 goblins
  14 hobgoblins
  3 jackals
  19 kobolds
  4 quokkas
  A ball python (D:5)
  9 frilled lizards
  A giant cockroach zombie (D:5)
  2 goblin skeletons (D:7)
  2 goblin zombies
  3 hobgoblin zombies
  2 kobold skeletons (D:7)
  A kobold zombie (Ossuary)
  A leopard gecko skeleton (D:6)
  An orc skeleton (D:7)
  5 orc zombies
  A quokka skeleton (D:4)
  7 rats
  2 bushes (Lair:1)
837 creatures vanquished.

Vanquished Creatures (collateral kills)
  Azrael (Orc:2)
  The ghost of Exporg the Grappler, a journeyman TrFi of Qazlal (Orc:2)
  A hydra (D:11)
  5 two-headed ogres
  A deep troll (Orc:2)
  An ugly thing (D:11)
  2 cyclopes
  A centaur zombie (D:11)
  A kobold demonologist (D:11)
  5 trolls (Orc:2)
  A yak (D:9)
  A fire elemental (Orc:2)
  A water moccasin (D:11)
  3 hell hounds (Orc:2)
  An orc warrior (Orc:2)
  9 ogres
  A wight (D:11)
  A bullfrog zombie (D:11)
  2 orc wizards
  A worker ant zombie (D:9)
  A gnoll (D:9)
  3 orcs (D:9)
44 creatures vanquished.

Vanquished Creatures (others)
  A slave (D:5)
  A centaur (D:13)
  2 orcs
  3 fungi
  6 plants
13 creatures vanquished.

Grand Total: 894 creatures vanquished

Notes
Turn   | Place    | Note
-------+----------+-------------------------------------------
     0 | D:1      | sking99 the Minotaur Berserker began the quest for the Orb.
     0 | D:1      | Reached XP level 1. HP: 19/19 MP: 0/0
    91 | D:1      | Reached XP level 2. HP: 26/27 MP: 1/1
   109 | D:1      | Reached skill level 4 in Maces & Flails
   193 | D:1      | Reached ** piety under Trog
   281 | D:1      | Reached XP level 3. HP: 32/33 MP: 2/2
  1217 | D:2      | Reached *** piety under Trog
  1218 | D:2      | Noticed Robin
  1224 | D:2      | Reached XP level 4. HP: 41/41 MP: 3/3
  1235 | D:2      | Killed Robin
  1657 | D:3      | Noticed Jessica
  1662 | D:3      | Noticed Sigmund
  1687 | D:2      | Killed Jessica
  1687 | D:2      | Reached skill level 5 in Maces & Flails
  2027 | D:3      | Killed Sigmund
  2027 | D:3      | Reached skill level 5 in Fighting
  2027 | D:3      | Reached XP level 5. HP: 48/48 MP: 4/4
  2027 | D:3      | Reached XP level 6. HP: 56/56 MP: 5/5
  2083 | D:3      | Noticed Ijyb
  2090 | D:3      | Paralysed by Ijyb for 6 turns
  2102 | D:3      | Killed Ijyb
  2102 | D:3      | Reached skill level 6 in Maces & Flails
  2312 | D:3      | Found a faded altar of an unknown god.
  2642 | D:3      | Reached **** piety under Trog
  2903 | D:4      | Noticed sking99's ghost (amateur OgTm)
  2913 | D:4      | Killed sking99's ghost
  2913 | D:4      | Reached XP level 7. HP: 54/61 MP: 6/6
  2960 | D:4      | Reached skill level 7 in Maces & Flails
  3107 | D:4      | Found a sand-covered staircase.
  3112 | Ossuary  | Entered an ossuary
  3354 | Ossuary  | Reached skill level 5 in Armour
  3955 | Ossuary  | Reached XP level 8. HP: 70/70 MP: 7/7
  3959 | Ossuary  | Reached skill level 8 in Maces & Flails
  3959 | Ossuary  | Reached skill level 5 in Dodging
  4888 | D:4      | Found an iron altar of Okawaru.
  5630 | D:5      | Entered Level 5 of the Dungeon
  5630 | D:5      | Noticed Menkaure
  5636 | D:5      | Noticed nicolaieve's ghost (amateur MiBe)
  5637 | D:5      | Killed Menkaure
  5637 | D:5      | Reached skill level 9 in Maces & Flails
  5825 | D:5      | Killed nicolaieve's ghost
  6087 | D:5      | Noticed Grinder
  6095 | D:5      | Killed Grinder
  6139 | D:5      | Found a basalt altar of Yredelemnul.
  6164 | D:5      | Noticed Dowan
  6165 | D:5      | Noticed Duvessa
  6182 | D:5      | Killed Duvessa
  6182 | D:5      | Reached XP level 9. HP: 71/79 MP: 8/8
  6201 | D:5      | Killed Dowan
  6393 | D:5      | Reached skill level 10 in Maces & Flails
  6415 | D:5      | Found a staircase to the Ecumenical Temple.
  6510 | D:5      | Noticed Pikel
  6531 | D:5      | Killed Pikel
  7146 | D:5      | Found a white marble altar of Elyvilon.
  7410 | D:6      | Noticed Blork the orc
  7415 | D:6      | Killed Blork the orc
  7938 | D:7      | Reached skill level 11 in Maces & Flails
  8103 | D:7      | Reached ***** piety under Trog
  8106 | D:7      | Reached XP level 10. HP: 90/90 MP: 9/9
  8153 | D:7      | Found a glowing golden altar of the Shining One.
  8571 | D:7      | Found a radiant altar of Vehumet.
  8776 | D:8      | Found an ancient bone altar of Kikubaaqudgha.
  9318 | D:8      | Found a blossoming altar of Fedhas.
  9326 | D:8      | Reached skill level 12 in Maces & Flails
  9341 | D:8      | Found a bloodstained altar of Trog.
  9341 | D:8      | Found a sacrificial altar of Ru.
  9647 | D:9      | Found a blossoming altar of Fedhas.
  9833 | D:9      | Noticed Joseph
  9847 | D:9      | Killed Joseph
  9855 | D:9      | Received a gift from Trog
 10112 | D:9      | Found a shadowy altar of Dithmenos.
 10239 | D:9      | Received a gift from Trog
 10314 | D:9      | Found a sparkling altar of Nemelex Xobeh.
 10473 | D:9      | Got a crude rapier
 10474 | D:9      | Identified the +3 rapier of Disembowelment {venom, rC+ rN+} (You found it on level 9 of the Dungeon)
 10752 | D:10     | Entered Level 10 of the Dungeon
 10786 | D:10     | Reached XP level 11. HP: 98/99 MP: 10/10
 10790 | D:10     | Reached skill level 1 in Axes
 10852 | D:10     | Reached skill level 10 in Fighting
 11045 | D:10     | Noticed a two-headed ogre
 11053 | D:10     | Killed a two-headed ogre
 11680 | D:10     | Reached skill level 10 in Armour
 11813 | D:10     | Reached skill level 5 in Axes
 11998 | D:11     | Noticed a purple ugly thing
 12005 | D:11     | Killed a purple ugly thing
 12089 | D:11     | Noticed a centaur warrior
 12093 | D:11     | Killed a centaur warrior
 12293 | D:11     | Found a staircase to the Orcish Mines.
 12297 | D:11     | Noticed a purple ugly thing
 12298 | D:11     | Noticed a four-headed hydra
 12307 | D:11     | Killed a purple ugly thing
 12311 | D:11     | Killed a four-headed hydra
 12313 | D:11     | Reached skill level 10 in Dodging
 12313 | D:11     | Reached XP level 12. HP: 62/110 MP: 11/11
 12490 | D:11     | Found Meiclian's Jewellery Shop.
 12528 | D:11     | Bought a +5 ring of protection for 605 gold pieces
 12604 | D:11     | Found a staircase to the Lair.
 12610 | D:11     | Received a gift from Trog
 12618 | D:11     | Got a shimmering great mace {god gift}
 12619 | D:11     | Identified the +2 great mace of the Stoat {crush, +Blink rElec rF+} (Trog gifted it to you on level 11 of the Dungeon)
 12872 | D:11     | Noticed Erica
 12883 | D:11     | Killed Erica
 12883 | D:11     | Reached skill level 13 in Maces & Flails
 13026 | Lair:1   | Entered Level 1 of the Lair of Beasts
 13736 | Lair:2   | Found a staircase to the Swamp.
 13893 | Lair:2   | Noticed an eight-headed hydra
 13910 | Lair:2   | Killed an eight-headed hydra
 14287 | Lair:2   | Reached skill level 14 in Maces & Flails
 14612 | Lair:2   | Noticed an eight-headed hydra
 14621 | Lair:2   | Killed an eight-headed hydra
 15344 | Lair:3   | Found a hole to the Spider Nest.
 15375 | Lair:3   | Found a dark tunnel.
 15566 | Lair:3   | Reached XP level 13. HP: 108/118 MP: 12/12
 16679 | Lair:5   | Received a gift from Trog
 16698 | Lair:5   | Found a transporter.
 16740 | Lair:5   | Found a transporter.
 16744 | Lair:5   | Found a staircase to the Slime Pits.
 16744 | Lair:5   | Found a viscous altar of Jiyva.
 17305 | Lair:6   | Entered Level 6 of the Lair of Beasts
 17326 | Lair:6   | Reached skill level 15 in Maces & Flails
 19081 | Orc:1    | Entered Level 1 of the Orcish Mines
 19089 | Orc:1    | Received a gift from Trog
 19402 | Orc:1    | Reached skill level 16 in Maces & Flails
 19489 | Orc:1    | Noticed an orc warlord
 19809 | Orc:1    | Paralysed by an orc sorcerer for 6 turns
 19816 | Orc:1    | Killed an orc warlord
 20128 | Orc:1    | Got an ichor-stained scimitar {flame}
 20129 | Orc:1    | Identified the +4 scimitar of Joyful Slaughter {flame, Fragile MR+ Str+4 Int+5} (You took it off an orc warlord on level 1 of the Orcish Mines)
 20208 | Orc:1    | Noticed teukkam's ghost (journeyman TrMo)
 20227 | Orc:1    | Killed teukkam's ghost
 20585 | Orc:1    | You fall through a shaft!
 20585 | Orc:2    | Entered Level 2 of the Orcish Mines
 20593 | Orc:2    | Noticed Azrael
 20600 | Orc:2    | Reached XP level 14. HP: 116/129 MP: 13/13
 20603 | Orc:2    | Noticed Exporg's ghost (journeyman TrFi)
 20606 | Orc:2    | Received a gift from Trog
 20616 | Orc:2    | Killed Azrael
 20617 | Orc:2    | Killed Exporg's ghost
 20627 | Orc:2    | Found Qidac's Gadget Shoppe.
 20628 | Orc:2    | Found Watoxobi's Antique Weapon Emporium.
 21153 | Orc:2    | Found Kaafaitt's Armour Shop.
 21162 | Orc:2    | Found Vuanecs's Antique Armour Shoppe.
 21283 | Orc:2    | Found a roughly hewn altar of Beogh.
 21343 | Orc:2    | Found a staircase to the Elven Halls.
 21415 | D:12     | Reached skill level 17 in Maces & Flails
 21459 | D:12     | Received a gift from Trog
 21637 | D:12     | Found a basalt altar of Yredelemnul.
 23158 | D:14     | Found a gate to the Vaults.
 23282 | D:14     | Identified a scroll of acquirement
 23493 | D:14     | Reached XP level 15. HP: 125/139 MP: 14/14
 23625 | D:15     | Entered Level 15 of the Dungeon
 23684 | D:15     | Reached skill level 18 in Maces & Flails
 23921 | D:15     | Noticed Urug
 23941 | D:15     | Killed Urug
 23956 | D:15     | Noticed Kirke
 23967 | D:15     | Killed Kirke
 23989 | D:15     | Found Potil's Distillery.
 24035 | D:15     | Noticed Roxanne
 24315 | D:15     | Reached ****** piety under Trog
 24317 | D:15     | Received a gift from Trog
 24451 | D:15     | Found a staircase to the Depths.
 24656 | Swamp:1  | Entered Level 1 of the Swamp
 24953 | Swamp:1  | Reached skill level 15 in Fighting
 25153 | Swamp:1  | You fall through a shaft!
 25384 | Swamp:2  | Found a blossoming altar of Fedhas.
 25593 | Swamp:2  | Received a gift from Trog
 25733 | Swamp:2  | Reached skill level 19 in Maces & Flails
 25752 | Swamp:2  | Noticed a thorn hunter
 25766 | Swamp:2  | Killed a thorn hunter
 25766 | Swamp:2  | Reached skill level 15 in Armour
 26277 | Swamp:3  | Noticed Donald
 26292 | Swamp:3  | Killed Donald
 26563 | Swamp:3  | Noticed a thorn hunter
 26587 | Swamp:3  | HP: 10/211 [thorn hunter (5)]
 26591 | Swamp:3  | Killed from afar by a thorn hunter

Skill      XL: |  1  2  3  4  5  6  7  8  9 10 11 12 13 14 15 |
---------------+----------------------------------------------+-----
Maces & Flails | 4 5 6 7 9 11 12 14 16 17 19 | 19.2
Fighting       | 4 5 6 7 8 9 11 12 13 14 15 | 15.4
Armour         | 3 4 5 6 8 9 10 11 13 14 15 | 15.1
Dodging        | 3 4 6 7 8 10 11 12 13 14 | 14.1
Axes           | 7 |  7.8

Action                   |  1- 3 |  4- 6 |  7- 9 | 10-12 | 13-15 || total
-------------------------+-------+-------+-------+-------+-------++-------
Melee: Mace              |    94 |   111 |   250 |       |       ||   455
       Headbutt          |    12 |    16 |    85 |   146 |   315 ||   574
       Whip              |       |       |   105 |    67 |       ||   172
       Morningstar       |       |       |       |   164 |       ||   164
       Battleaxe         |       |       |       |   179 |       ||   179
       Great mace        |       |       |       |   211 |  1320 ||  1531
       Executioner's axe |       |       |       |       |     7 ||     7
Invok: Berserk           |     1 |     5 |    10 |     8 |     6 ||    30
       Trog's Hand       |       |     1 |       |     1 |     3 ||     5
       Brothers in Arms  |       |       |       |     7 |     7 ||    14
       Burn Spellbooks   |       |       |       |     1 |     4 ||     5
  Use: Scroll            |       |       |    12 |    11 |    14 ||    37
       Potion            |       |       |       |       |     3 ||     3
 Stab: Distracted        |       |       |       |       |     1 ||     1
  Eat: Chunk             |     1 |     7 |     9 |    37 |    36 ||    90
       Ration            |       |     1 |     5 |     1 |     3 ||    10
Armor: Animal skin       |     3 |       |       |       |       ||     3
       Ring mail         |    23 |    33 |    33 |       |       ||    89
       Chain mail        |       |       |    78 |   299 |   693 ||  1070
Dodge: Dodged            |    60 |    55 |   146 |   354 |  1000 ||  1615
Block: Other             |       |       |       |    51 |   145 ||   196
       Reflection        |       |       |       |     2 |     7 ||     9
